 Dungeon Crawl Stone Soup version 0.25.1-2-g60ff931df9 (webtiles) character file.

Game seed: 16154815140919497068

457 Platt the Skirmisher (level 7, 0/44 HPs)
             Began as a Gargoyle Fighter on Nov 2, 2020.
             Slain by an orc wizard
             ... wielding a +0 dagger
              (1 damage)
             ... on level 4 of the Dungeon.
             The game lasted 00:06:14 (2855 turns).

Platt the Skirmisher (Gargoyle Fighter)             Turns: 2855, Time: 00:06:15

Health: 0/44       AC: 17    Str: 22    XL:     7   Next: 6%
Magic:  7/7        EV:  6    Int:  8    God:
Gold:   131        SH: 10    Dex:  9    Spells: 6/6 levels left

rFire    . . .     SeeInvis .   l - +0 spear (freeze)
rCold    . . .     Gourm    .   c - +0 kite shield
rNeg     + . .     Faith    .   v - +0 chain mail
rPois    ∞         Spirit   .   b - +0 helmet
rElec    +         Reflect  .   (no cloak)
rCorr    .         Harm     .   r - +0 pair of gloves
MR       .....                  (no boots)
Stlth    ..........             (no amulet)
HPRegen  0.14/turn              (no ring)
MPRegen  0.10/turn              (no ring)

@: slowed, very slow
A: negative energy resistance 1, electricity resistance, unbreathing,
petrification resistance, rot immunity, AC +4
a: no special abilities


You were on level 4 of the Dungeon.
You were not hungry.

You visited 1 branch of the dungeon, and saw 4 of its levels.

You collected 131 gold pieces.

Inventory:

Hand Weapons
 a - a +0 flail
 l - a +0 spear of freezing (weapon)
Armour
 b - a +0 helmet (worn)
 c - a +0 kite shield (worn)
 r - a +0 pair of gloves (worn)
 v - a +0 chain mail (worn)
Scrolls
 e - 3 scrolls of remove curse {unknown}
 h - a scroll of immolation {unknown}
 i - 2 scrolls of magic mapping {unknown}
 o - a scroll of enchant armour {unknown}
 p - a scroll of random uselessness {unknown}
 q - 2 scrolls of identify {unknown}
 u - a scroll of teleportation {unknown}
 w - a scroll of amnesia {unknown}
Potions
 d - a potion of might
 g - 2 potions of brilliance {unknown}
 j - 2 potions of heal wounds {unknown}
 k - 2 potions of invisibility {unknown}
 m - 2 potions of flight {unknown}
 n - a potion of degeneration {unknown}
 s - a potion of ambrosia {unknown}
 t - a potion of curing {unknown}
Comestibles
 f - 4 rations


   Skills:
 + Level 5.1 Fighting
 + Level 4.0 Maces & Flails
 + Level 5.0 Armour
 + Level 5.0 Shields


You had 6 spell levels left.
You didn't know any spells.
Your spell library was empty.

Dungeon Overview and Level Annotations

Branches:
Dungeon (4/15)
 Temple: D:4-7

Altars:
Cheibriados


Innate Abilities, Weirdness & Mutations

You are resistant to torment.
Your stone body is resilient. (AC +4)
You are immune to poison.
You resist negative energy. (rN+)
You are resistant to electric shocks. (rElec)
You can survive without breathing.
You are immune to petrification.
You are immune to rotting.


Message History

Beogh smites you!
You are confused.
The orc priest miscasts a cantrip.
The orc wizard barely misses you.
The orc priest looks braver for a moment.
The orc priest mumbles some strange prayers to Beogh against you.
Beogh smites you!
* * * LOW HITPOINT WARNING * * *
You're too confused to move!
You feel less confused.
The orc wizard hits you but does no damage.
You block the orc priest's attack. Something hits you but does no damage.
The orc wizard hits you but does no damage.
The orc priest calls down the wrath of Beogh upon you.
Beogh smites you!
* * * LOW HITPOINT WARNING * * *
The orc priest mumbles some strange prayers to Beogh against you.
You struggle to resist.
Something hits you.
You die...

.....#...#.#.#.....#.#..
.......................# ...
.....#.##.###.#..#.....<## ..#
.#.....##.# #.#..........# ..#
.#.....##.###÷...........# ..###.
.......<.................# ......
#.......####.............##......
........## #..##.#...............
...........#..##@##.........####.
................o..oo............
..##.......#..†............#.....
.. +.......................#...#.
#.......#.###..##.......# ..#
.....#. #..##.......# ### .... ..
<...##.......# ...
.#.###..##.......# .....#.
#..##########


You could see 2 orc priests and an orc wizard.

Vanquished Creatures
  Sigmund (D:3)
  A bullfrog (D:4)
  A scorpion (D:4)
  Terence (D:3)
  A worker ant (D:4)
  7 adders
  A shadow imp (D:3)
  2 oozes
  3 worms
  4 dart slugs
  A leopard gecko (D:1)
  An orc (D:3)
  2 bats
  5 giant cockroaches
  5 hobgoblins
  3 jackals (D:1)
  2 frilled lizards
  4 goblins
  2 kobolds (D:1)
  5 rats
52 creatures vanquished.

Notes
Turn   | Place    | Note
-------+----------+-------------------------------------------
     0 | D:1      | Platt the Gargoyle Fighter began the quest for the Orb.
     0 | D:1      | Reached XP level 1. HP: 14/14 MP: 1/1
   112 | D:1      | Reached XP level 2. HP: 19/19 MP: 2/2
   866 | D:2      | Reached XP level 3. HP: 6/24 MP: 3/3
  1401 | D:2      | Reached XP level 4. HP: 28/29 MP: 4/4
  1880 | D:3      | Noticed Terence
  1901 | D:3      | Killed Terence
  1901 | D:3      | Reached XP level 5. HP: 24/33 MP: 5/5
  2335 | D:3      | Found a snail-covered altar of Cheibriados.
  2381 | D:3      | Noticed Sigmund
  2387 | D:3      | Killed Sigmund
  2387 | D:3      | Reached XP level 6. HP: 39/39 MP: 6/6
  2806 | D:4      | Reached skill level 5 in Fighting
  2806 | D:4      | Reached skill level 5 in Armour
  2806 | D:4      | Reached skill level 5 in Shields
  2806 | D:4      | Reached XP level 7. HP: 40/44 MP: 7/7
  2854 | D:4      | HP: 1/44 [orc priest/divine providence (10)]
  2855 | D:4      | Slain by an orc wizard

Illustrated notes

Levels and vault maps discovered:
D:1:      sevenhm_arrival_forest_fort_large_4, layout_basic
D:2:      layout_rooms
D:3:      layout_loops_ring, kennysheep_slug_shrine, first_ration,
          serial_forest, infiniplex_forest_clump_small,
          infiniplex_forest_lined_3_way, infiniplex_forest_end_3,
          infiniplex_forest_lined_room_2, infiniplex_forest_end_1,
          infiniplex_forest_lined_room_2, infiniplex_forest_straight_2,
          uniq_sigmund, uniq_terence
D:4:      layout_basic, led_sif_book, nemelex_altar_shiori, serial_shops,
          nicolae_shop_trees, minivault_5

Skill      XL: |  1  2  3  4  5  6 |
---------------+-------------------+-----
Fighting       | 4 5 |  5.1
Shields        | 4 5 |  5.0
Armour         | 4 5 |  5.0
Maces & Flails | 3 4 |  4.0

Action                   |  1- 3 |  4- 6 |  7- 9 || total
-------------------------+-------+-------+-------++-------
Melee: Flail             |    29 |       |       ||    29
       Spear             |    89 |   166 |    10 ||   265
  Use: Potion            |       |     1 |       ||     1
  Eat: Chunk             |     2 |     4 |     1 ||     7
Armor: Scale mail        |    42 |    25 |       ||    67
       Chain mail        |       |    58 |    12 ||    70
Dodge: Dodged            |    31 |    37 |     3 ||    71
Block: Kite shield       |    48 |    59 |     1 ||   108
